AoeStats
← Zemo94Star

Arena

506163230Analyzed
1v1 RM · 19d ago on Sep 12, 2026· 79m 2s· 2 players
Game mode
Random Map
Map size
Tiny (2 player)
Population
200
Speed
Normal
Resources
Standard
Victory
Conquest
Starting age
Dark Age
Ending age
Imperial Age
RankedLock teamsTeams togetherTeam positionsShared explorationLock speedFull tech treeHidden civsTurbo modeCheats
Victory
Defeat
🇮🇹 Goths · Italy
243
+7
🇳🇱 Goths · Netherlands
7
-7
sandertk
11:37 Feudal Age
13:44 Wheelbarrow
13:04 Horse Collar
13:27 Double-Bit Axe
13:40 Town Watch
13:42 Loom
19:42 Gold Mining
19:46 Stone Mining
24:15 Castle Age
22:39 Padded Archer Armor
22:42 Fletching
23:12 Scale Mail Armor
23:56 Scale Barding Armor
24:47 Forging
24:58 Bloodlines
26:10 Leather Archer Armor
26:15 Chain Barding Armor
26:22 Bow Saw
27:42 Hand Cart
28:10 Heavy Plow
29:20 Town Patrol
29:25 Light Cavalry
31:45 Chain Mail Armor
36:50 Man-at-Arms
36:50 Pikeman
37:31 Squires
36:55 Elite Skirmisher
38:58 Stone Shaft Mining
39:10 Bodkin Arrow
41:23 Masonry
41:05 Heated Shot
41:36 Ballistics
41:56 Iron Casting
46:20 Imperial Age
44:31 Husbandry
48:12 Two-Man Saw
47:49 Crop Rotation
48:27 Blast Furnace
47:27 Bracer
47:57 Ring Archer Armor
48:01 Architecture
48:32 Chemistry
49:11 Heavy Scorpion
50:42 Anarchy
50:13 Sappers
51:03 Conscription
51:23 Hussar
53:38 Perfusion
53:50 Elite Huskarl
56:42 Murder Holes
58:27 Cavalier
Zemo94Star
12:17 Feudal Age
10:33 Loom
13:36 Wheelbarrow
12:51 Town Watch
12:58 Double-Bit Axe
12:58 Horse Collar
16:06 Gold Mining
16:08 Stone Mining
27:32 Castle Age
24:59 Man-at-Arms
25:54 Forging
25:46 Scale Mail Armor
27:39 Bloodlines
28:58 Hand Cart
39:17 Imperial Age
37:31 Crossbowman
37:32 Elite Skirmisher
38:50 Iron Casting
38:31 Chain Mail Armor
38:16 Padded Archer Armor
38:07 Fletching
39:23 Stone Shaft Mining
39:07 Heavy Plow
39:24 Herbal Medicine
38:53 Pikeman
39:33 Squires
40:11 Cavalier
40:54 Husbandry
41:32 Bodkin Arrow
42:22 Fervor
42:38 Conscription
44:24 Bow Saw
44:49 Crop Rotation
44:41 Scale Barding Armor
45:38 Blast Furnace
44:42 Anarchy
45:39 Perfusion
46:09 Ballistics
48:44 Two-Man Saw
47:21 Sappers
48:39 Heavy Cavalry Archer
49:26 Bracer
51:00 Chemistry
50:00 Murder Holes
50:16 Masonry
52:02 Guilds
51:16 Halberdier
53:07 Illumination
53:27 Sanctity
53:08 Devotion
53:44 Theocracy
53:09 Heated Shot
53:51 Architecture
54:50 Light Cavalry
55:26 Elite Huskarl
58:07 Faith
58:36 Chain Barding Armor
58:33 Leather Archer Armor
58:34 Town Patrol
63:16 Ring Archer Armor
Connection lost

Rejoining the realm…

Still unreachable

The connection could not be restored.

Session expired

The server has moved on; the page needs a fresh start.